 Dungeon Crawl Stone Soup version 0.21.1-1-g345015f (webtiles) character file.

704 tev the Covert (level 7, -4/35 HPs)
             Began as a Spriggan Assassin on July 28, 2018.
             Was an Initiate of Uskayaw.
             Slain by a wight
             ... wielding a cursed +4 scimitar
              (9 damage)
             ... on level 4 of the Dungeon.
             The game lasted 00:27:26 (4720 turns).

tev the Covert (Spriggan Assassin)                  Turns: 4720, Time: 00:27:27

Health: -4/35      AC:  3    Str:  7    XL:     7   Next: 39%
Magic:  5/8        EV: 18    Int: 12    God:    Uskayaw [......]
Gold:   100        SH:  0    Dex: 20    Spells: 6/6 levels left

rFire    . . .     SeeInvis +   o - +0 dagger (venom)
rCold    . . .     Gourm    .   (shield restricted)
rNeg     . . .     Faith    .   s - -1 animal skin (curse)
rPois    .         Spirit   .   (helmet restricted)
rElec    .         Reflect  .   d - +1 cloak
rCorr    .         Harm     .   (gloves unavailable)
MR       +....                  (boots unavailable)
Stlth    ++++......             v - amulet of rage
HPRegen  0.11/turn              (no ring)
MPRegen  0.11/turn              (no ring)

@: drained, very quick
A: very small, unfitting armour, see invisible, herbivore, speed 3, slow
metabolism 2
a: Renounce Religion, Evoke Berserk Rage


You were on level 4 of the Dungeon.
You worshipped Uskayaw.
Uskayaw was noncommittal.
You were not hungry.

You visited 1 branch of the dungeon, and saw 5 of its levels.

You collected 100 gold pieces.

Inventory:

Hand Weapons
 a - a +2 dagger
 o - a +0 dagger of venom (weapon)
 y - a +0 dagger
Armour
 c - a +0 robe
 d - a +1 cloak (worn)
 s - a cursed -1 animal skin (worn)
 u - a +0 robe
 z - a cursed +0 robe
Jewellery
 v - an amulet of rage (around neck)
 w - an uncursed ring of positive energy {unknown}
Wands
 j - a wand of iceblast (10)
 t - a wand of scattershot (5)
Scrolls
 b - 3 scrolls of identify
 f - 2 scrolls of teleportation
 r - 2 scrolls of magic mapping
 A - a scroll of enchant armour
Potions
 e - 2 potions of curing
 h - a potion of magic {unknown}
 i - a potion of cancellation {unknown}
 k - 2 potions of heal wounds {unknown}
 l - a potion of brilliance {unknown}
 m - a potion of agility {unknown}
 n - a potion of invisibility {unknown}
 p - a potion of lignification {unknown}
 q - a potion of haste {unknown}
Comestibles
 g - 5 rations


   Skills:
 + Level 2.6(1.7) Fighting
 * Level 6.4(5.4) Short Blades
 - Level 2.0(1.0) Throwing
 + Level 3.7(2.8) Dodging
 + Level 9.3(8.2) Stealth


You had 6 spell levels left.
You didn't know any spells.

Dungeon Overview and Level Annotations

Branches:
Dungeon (5/15)
 Temple: D:4-7

Altars:
Elyvilon
Fedhas
Gozag
Kikubaaqudgha
Okawaru
Uskayaw
The Shining One


Innate Abilities, Weirdness & Mutations

You are very small and have problems with some larger weapons.
You are too small for most types of armour.
You have supernaturally acute eyesight. (SInv)
You are a herbivore.
You cover ground extremely quickly.
You need consume almost no food.


Message History

The wight is moderately damaged.
The wight hits you with an enchanted scimitar!
You feel drained.
* * * LOW HITPOINT WARNING * * *
The wight misses you. The wight closely misses you.
You climb upwards.
There is a stone staircase leading down here.
You stomp with the beat, sending a shockwave through the revelers around you!
The wight is heavily damaged. x2
You feel somewhat more hungry.
You can no longer stomp with the beat.
The wight hits you with a falchion.
* * * LOW HITPOINT WARNING * * *
You hit the wight but do no damage.
The wight is heavily damaged.
The wight barely misses you. The wight misses you.
You hit the wight but do no damage.
The wight is heavily damaged.
The wight hits you with an enchanted scimitar!
You die...

##..# #.# #..##.###...####...8##
##..# #.# #..##.##..#..##.....#.
##..###.####.......(###.##.......
.....##...##...#........##.....#.
##......................##....8##
#.#.##...##...###....^.###...##
#.#.##.#.##...# #......# #...#
#.#.##.#.##...###.#...## #...#
##.#.##........z@z...#.# ##..##
.............#.###.#.#.# #...##
####.##...####.###.#.#.# ##...#
#.##...####.........## ##..###
####.##.................# #...†#
.....#....##########.#### #....#
######.#.## #.# ##.... #.#<# #.#
#..... #.#.###########.# ###...


You could see 2 wights.

Vanquished Creatures
  Sigmund (D:4)
  Edmund (D:4)
  An ogre (D:4)
  2 vampire bats (D:4)
  An orc wizard (D:4)
  A worker ant (D:4)
  Robin (D:4)
  5 adders
  3 gnolls (D:3)
  2 oozes
  2 worms
  4 dart slugs
  11 orcs
  9 bats
  4 bat skeletons (D:4)
  2 bat zombies (D:4)
  7 giant cockroaches
  18 goblins
  8 hobgoblins
  7 jackals (D:1)
  6 kobolds
  3 ball pythons
  6 frilled lizards
  A jackal skeleton (D:4)
  8 rats
114 creatures vanquished.

Notes
Turn   | Place    | Note
-------+----------+-------------------------------------------
     0 | D:1      | tev the Spriggan Assassin began the quest for the Orb.
     0 | D:1      | Reached XP level 1. HP: 10/10 MP: 2/2
    91 | D:1      | Reached skill level 6 in Stealth
   284 | D:1      | Reached XP level 2. HP: 14/14 MP: 3/3
   452 | D:1      | Reached skill level 7 in Stealth
   666 | D:1      | Reached XP level 3. HP: 15/18 MP: 4/4
  1807 | D:2      | Reached XP level 4. HP: 21/23 MP: 5/5
  2250 | D:3      | Found an opulent altar of Gozag.
  2289 | D:3      | Found a white marble altar of Elyvilon.
  3129 | D:3      | Reached skill level 8 in Stealth
  3129 | D:3      | Reached XP level 5. HP: 26/26 MP: 6/6
  3440 | D:4      | Noticed Robin
  3506 | D:4      | Killed Robin
  3734 | D:4      | Noticed Sigmund
  3741 | D:4      | Killed Sigmund
  3741 | D:4      | Reached skill level 5 in Short Blades
  3741 | D:4      | Reached XP level 6. HP: 30/30 MP: 7/7
  3805 | D:4      | Found a glowing golden altar of the Shining One.
  3913 | D:4      | Found a blossoming altar of Fedhas.
  4191 | D:4      | Found a hide-covered altar of Uskayaw.
  4191 | D:4      | Noticed a dagger
  4191 | D:4      | Noticed a dagger
  4199 | D:4      | Became a worshipper of Uskayaw the Reveler
  4204 | D:4      | Noticed Edmund
  4211 | D:4      | Killed Edmund
  4211 | D:4      | Reached skill level 9 in Stealth
  4211 | D:4      | Reached XP level 7. HP: 35/35 MP: 8/8
  4211 | D:4      | Reached * piety under Uskayaw
  4380 | D:4      | Found an iron altar of Okawaru.
  4535 | D:4      | Found an ancient bone altar of Kikubaaqudgha.
  4536 | D:4      | Reached ** piety under Uskayaw
  4543 | D:4      | Reached *** piety under Uskayaw
  4684 | D:5      | Entered Level 5 of the Dungeon
  4720 | D:4      | Slain by a wight

Skill      XL: |  1  2  3  4  5  6 |
---------------+-------------------+-----
Stealth        | 6 7 8 9 |  9.3
Dodging        | 2 3 |  3.7
Short Blades   | 3 5 6 |  6.4
Fighting       | 2 |  2.6
Throwing       | |  2.0

Action                   |  1- 3 |  4- 6 |  7- 9 || total
-------------------------+-------+-------+-------++-------
Melee: Dagger            |   199 |   228 |    37 ||   464
Invok: Stomp             |       |       |     1 ||     1
  Use: Scroll            |       |     5 |     1 ||     6
       Potion            |       |       |     1 ||     1
 Stab: Sleeping          |    17 |    14 |     5 ||    36
       Distracted        |     1 |       |       ||     1
       Paralysed         |       |       |     2 ||     2
  Eat: Ration            |       |     1 |       ||     1
Armor: Robe              |    22 |     5 |       ||    27
       Animal skin       |       |     3 |     3 ||     6
Dodge: Dodged            |   196 |   121 |    51 ||   368
